 Dungeon Crawl Stone Soup version 0.32-a0-360-gcd93b57 (webtiles) character file.

Game seed: 7953076737988281042

5359 Anonymous1 the Covert (level 10, -6/81 HPs)
             Began as a Kobold Brigand on Feb 18, 2024.
             Was an Initiate of Ashenzari.
             Killed by vampiric draining
             ... invoked by a vampire
              (17 damage)
             ... on level 9 of the Dungeon.
             The game lasted 00:21:52 (9943 turns).

Anonymous1 the Covert (Kobold Brigand)              Turns: 9943, Time: 00:21:52

Health: -6/81      AC: 25    Str: 11    XL:     10   Next: 97%
Magic:  10/10      EV:  3    Int: 13    God:    Ashenzari [......]
Gold:   462        SH:  5    Dex: 20    Spells: 8/9 levels left

rFire   . . .        e - +3 rapier (drain)
rCold   + . .        (no shield)
rNeg    . . .        r - melded +0 steam dragon scales
rPois   +            (helmet currently unavailable)
rElec   .            D - melded +0 cloak {rPois}
rCorr   .            p - melded +0 pair of gloves
SInv    .            (boots currently unavailable)
Will    .....        c - amulet "Uriarph" {Reflect Str+2 SH+5}
Stlth   +++++++      n - ring of protection from cold
HPRegen 0.33/turn    (no ring)
MPRegen 0.12/turn

%: reflection
@: mighty, lethally poisoned (-6 -> -8), tree-form
A: stationary, stasis, torment immunity, boosted hp, small, no large weapons,
nightstalker 3
a: Renounce Religion


You were on level 9 of the Dungeon.
You worshipped Ashenzari.
Ashenzari was noncommittal.
You were a tree.
You visited 2 branches of the dungeon, and saw 10 of its levels.
You also visited: Ossuary.

You collected 462 gold pieces.

Inventory:

Hand Weapons
 e - a +3 rapier of draining (weapon)
 y - the +12 long sword of Tagiap {holy, rC+ Int+5}
   (You found it on level 7 of the Dungeon)

   Int+5:     It affects your intelligence (+5).
   rC+:       It protects you from cold.
Missiles
 d - 7 poisoned darts (quivered)
 q - a throwing net
Armour
 p - a +0 pair of gloves (melded)
 r - +0 steam dragon scales (melded)
 D - a +0 cloak of poison resistance (melded)
Jewellery
 c - the amulet "Uriarph" (around neck) {Reflect Str+2 SH+5}
   (You found it on level 8 of the Dungeon)

   [amulet of reflection]

   Reflect:   It reflects blocked missile attacks.
   Str+2:     It affects your strength (+2).
   SH+5:      It affects your SH (+5).
 n - a ring of protection from cold (left branch)
Scrolls
 a - a scroll of blinking
 g - 2 scrolls of teleportation
 i - 2 scrolls of revelation
 j - a scroll of immolation
 k - 2 scrolls of fog
 o - a scroll of vulnerability
 z - a scroll of poison
Potions
 b - a potion of might
 f - a potion of lignification
 h - a potion of magic {unknown}
 l - 2 potions of ambrosia
 m - 3 potions of heal wounds {unknown}
 s - a potion of berserk rage {unknown}
 t - 3 potions of enlightenment {unknown}
 v - a potion of degeneration {unknown}
 w - a potion of attraction {unknown}
 x - 4 potions of brilliance {unknown}
 A - 2 potions of resistance {unknown}
 B - a potion of mutation {unknown}
 C - a potion of haste {unknown}


   Skills:
 - Level 2.6 Fighting
 + Level 12.1 Short Blades
 - Level 5.7 Throwing
 + Level 7.0 Dodging
 + Level 14.7 Stealth


You had 8 spell levels left.
You knew the following spells:

 Your Spells              Type           Power      Damage    Failure   Level
A - Apportation           Tloc           0%         N/A       30%         1

Your spell library contained the following spells:

 Spells                   Type           Power      Damage    Failure   Level
 Summon Small Mammal      Summ           0%         N/A       30%         1
 Jinxbite                 Hex            0%         N/A       43%         2
 Call Canine Familiar     Summ           0%         N/A       67%         3
 Summon Blazeheart Golem  Fire/Summ      0%         N/A       97%         4
 Alistair's Intoxication  Alch           0%         N/A       100%        5


Dungeon Overview and Level Annotations

Branches:
Dungeon (9/15)             Temple (1/1) D:4         Ossuary (visited)
   Lair: D:8-11         Orc: D:9-12

Altars:
Ashenzari
Cheibriados
Dithmenos
Elyvilon
Fedhas
Gozag
Hepliaklqana
Kikubaaqudgha
Nemelex Xobeh
Okawaru
Qazlal
Ru
Sif Muna
Trog
Uskayaw
Vehumet
Wu Jian
Xom
Yredelemnul
Zin
The Shining One


Innate Abilities, Weirdness & Mutations

You are a tree.
Your roots penetrate the ground, keeping you stationary.
You cannot be teleported.
You are immune to unholy pain and torment.
Your maximum health is greatly increased.
Your equipment is partially melded.
You are small and have problems with some larger weapons.
You are completely attuned to the shadows.


Message History

You closely miss something. You miss something.
Something hits you but does no damage. Something bites you.
Something draws strength from your injuries!
You miss something. You hit something but do no damage.
You hear some strange, mumbled words.
You are confused.
You feel better. You block something's attack. Something bites you.
Something draws strength from your injuries!
You cannot move.
You hit something but do no damage. Something hits you but does no damage.
Something bites you but does no damage.
You hit something. You hit something but do no damage. Something hits you.
Something bites you but does no damage.
You barely miss something. You hit something.
Something hits you but does no damage. Something bites you but does no damage.
You puncture something! Something hits you but does no damage.
Something bites you!
Something draws strength from your injuries!
The kobold throws a poisoned dart.
The poisoned dart hits you!
You are poisoned.
You miss something.
You feel sick.
You barely miss something.
You feel sick.
The kobold throws a poisoned dart.
You block the poisoned dart with an invisible shield... and reflect it back!
The poisoned dart barely misses the kobold.
Something hits you but does no damage. Something bites you but does no damage.
You hit something but do no damage.
You feel sick.
You hit something.
You feel sick. You block something's attack.
Something bites you but does no damage.
You closely miss something.
You feel sick. Something hits you. Something bites you but does no damage.
You hit something.
You feel sick.
You hit something.
You feel sick. Something draws life force from you!
* * * LOW HITPOINT WARNING * * *
It was a potion of might.
You feel very mighty all of a sudden.
You feel sick. Something draws life force from you!
You die...

#.# ....
#.########
.#.#
####........#
.#.#
......#####.#
.#(# #.###.#
#.# ...#
#.###.#
###.#.#
.#.#####...#.#
#.......
###..........#
#)#.####
.#.#######.###
#♣#.# ...# #.#
#{#.# ...# #.#
#K#.# .### #.#
#.# .# #.. ..#
.#


You could see a kobold.

Vanquished Creatures
  A two-headed ogre (D:9)
  2 wyverns
  A wraith (D:9)
  2 steam dragons (D:8)
  Edmund (D:5)
  A water moccasin (D:6)
  Duvessa (D:6)
  2 orc warriors (D:8)
  A sky beast (D:7)
  2 ice beasts
  2 ogres (D:6)
  2 centaurs
  A kobold brigand (D:9)
  Blork the orc (D:4)
  A weeping skull (Ossuary)
  3 bullfrogs
  A gnoll sergeant (D:5)
  2 scorpions
  4 water moccasin zombies (Ossuary)
  5 wights
  6 killer bees (D:7)
  Dowan (D:6)
  8 howler monkeys
  2 hounds (D:5)
  6 jellies
  3 orc priests
  A bombardier beetle (D:5)
  A gnoll bouda (D:8)
  A sleepcap (D:7)
  Jessica (D:3)
  4 iguanas
  7 orc wizards
  Terence (D:3)
  3 crocodile zombies (Ossuary)
  2 mummies (Ossuary)
  6 adders
  16 gnolls
  A shadow imp (D:6)
  2 white imps (D:6)
  3 adder zombies (Ossuary)
  3 dart slugs
  A ribbon worm (D:2)
  29 orcs
  9 ball pythons
  3 endoplasms
  3 giant cockroaches
  7 goblins
  9 hobgoblins
  6 jackals (D:1)
  6 quokkas
  3 bats
  2 frilled lizards
  9 gnoll zombies (Ossuary)
  A goblin zombie (D:7)
  2 jackal zombies (Ossuary)
  8 kobolds
  4 orc zombies (Ossuary)
  5 rats
  A rat zombie (D:7)
222 creatures vanquished.

Notes
Turn   | Place    | Note
-------+----------+-------------------------------------------
     0 | D:1      | Anonymous1 the Kobold Brigand began the quest for the Orb.
     0 | D:1      | Reached XP level 1. HP: 12/12 MP: 1/1
    95 | D:1      | Reached XP level 2. HP: 17/17 MP: 2/2
   218 | D:1      | Reached skill level 6 in Stealth
   249 | D:1      | Reached XP level 3. HP: 20/21 MP: 3/3
   665 | D:1      | Learned a level 1 spell: Apportation
  1052 | D:2      | Reached XP level 4. HP: 26/26 MP: 4/4
  1549 | D:2      | Reached XP level 5. HP: 30/30 MP: 5/5
  1956 | D:3      | Reached skill level 7 in Stealth
  1968 | D:3      | Noticed Jessica
  1972 | D:3      | Killed Jessica
  2277 | D:3      | Found a shadowy altar of Dithmenos.
  2437 | D:3      | Found a faded altar of an unknown god.
  2550 | D:3      | Noticed Terence
  2552 | D:3      | Killed Terence
  2553 | D:3      | Reached XP level 6. HP: 36/36 MP: 6/6
  3164 | D:4      | Reached skill level 8 in Stealth
  3659 | D:4      | Found a shimmering blue altar of Sif Muna.
  3661 | D:4      | Found a basalt altar of Yredelemnul.
  3662 | D:4      | Found a hazy altar of Hepliaklqana.
  3848 | D:4      | Found a staircase to the Ecumenical Temple.
  3852 | Temple   | Entered the Ecumenical Temple
  4032 | D:4      | Noticed Blork the orc
  4043 | D:4      | Killed Blork the orc
  4044 | D:4      | Reached XP level 7. HP: 38/40 MP: 7/7
  4175 | D:5      | Entered Level 5 of the Dungeon
  4199 | D:5      | Reached skill level 9 in Stealth
  4713 | D:5      | Reached skill level 10 in Stealth
  4735 | D:5      | Reached skill level 5 in Short Blades
  4978 | D:5      | Reached XP level 8. HP: 35/45 MP: 8/8
  5069 | D:5      | Noticed Edmund
  5097 | D:5      | Killed Edmund
  5907 | D:6      | Reached skill level 5 in Throwing
  5917 | D:6      | Reached skill level 11 in Stealth
  5965 | D:6      | Noticed Duvessa
  5975 | D:6      | Noticed Dowan
  5978 | D:6      | Killed Duvessa
  5979 | D:6      | Reached XP level 9. HP: 33/49 MP: 9/9
  6192 | D:6      | Killed Dowan
  7071 | D:7      | Reached skill level 5 in Dodging
  7104 | D:7      | Found a sand-covered staircase.
  7118 | Ossuary  | Entered an ossuary
  7236 | Ossuary  | Reached skill level 12 in Stealth
  7820 | D:7      | Reached XP level 10. HP: 49/54 MP: 10/10
  7843 | D:7      | Reached skill level 13 in Stealth
  7922 | D:7      | Identified the +12 long sword of Tagiap {holy, rC+ Int+5}
  8083 | D:7      | Reached skill level 10 in Short Blades
  8329 | D:8      | Identified the amulet "Uriarph" {Reflect Str+2 SH+5}
  9203 | D:8      | Found a faded altar of an unknown god.
  9208 | D:8      | Found an opulent altar of Gozag.
  9210 | D:8      | Found a hide-covered altar of Uskayaw.
  9211 | D:8      | Found a snail-covered altar of Cheibriados.
  9217 | D:8      | Found a faded altar of an unknown god.
  9392 | D:9      | Reached skill level 14 in Stealth
  9537 | D:9      | Found a sacrificial altar of Ru.
  9574 | D:9      | Found a broken altar of Ashenzari.
  9579 | D:9      | Became a worshipper of Ashenzari the Shackled
  9718 | D:9      | Noticed a two-headed ogre
  9750 | D:9      | Killed a two-headed ogre
  9943 | D:9      | Killed from afar by a vampire

Illustrated notes

Levels and vault maps discovered:
D:1:      dpeg_arrival_radiant, layout_basic
D:2:      layout_loops_ring
D:3:      layout_basic, nicolae_dithmenos_the_darkroom,
          shapermc_ecumenical_altar_petra, uniq_terence, uniq_jessica
D:4:      layout_gridville, gammafunk_temple_overflow_forgotten,
          minmay_temple_entry_trees, uniq_blork_the_orc
D:5:      layout_basic, lightli_minifort, uniq_edmund
D:6:      layout_basic, corexii_item_surrounded_by_moat, uniq_duvessa
D:7:      minmay_inner_zag, layout_basic, enter_ossuary_4
D:8:      layout_rooms, chequers_temple_overflow_minitemple
D:9:      layout_loops_ring, mainiacjoe_overflow_alcove_1,
          nicolae_ru_sacrificial_ziggurat
Temple:   hc_temple_tempest_star

Skill      XL: |  1  2  3  4  5  6  7  8  9 10 |
---------------+-------------------------------+-----
Short Blades   | 3 4 5 7 9 12 | 12.1
Stealth        | 6 7 8 10 11 12 14 | 14.7
Dodging        | 2 3 4 5 7 |  7.0
Throwing       | 3 4 5 |  5.7
Fighting       | |  2.6

Action                     |  1- 3 |  4- 6 |  7- 9 | 10-12 || total
---------------------------+-------+-------+-------+-------++-------
  Melee: Dagger            |    63 |   136 |    14 |       ||   213
         Rapier            |       |       |   279 |   223 ||   502
  Throw: Dart              |    21 |    49 |    35 |     5 ||   110
  Evoke: Wand              |       |       |     7 |       ||     7
    Use: Scroll            |       |     8 |     6 |     5 ||    19
         Potion            |       |       |     4 |     4 ||     8
   Stab: Sleeping          |     8 |    19 |    33 |    16 ||    76
         Invisible         |       |       |     3 |       ||     3
 Armour: Robe              |    23 |    46 |    81 |    50 ||   200
         Skin              |       |       |    60 |    39 ||    99
         Steam dragon scal |       |       |       |    16 ||    16
  Dodge: Dodged            |    23 |    87 |   170 |    86 ||   366
  Block: Other             |       |       |       |    26 ||    26
         Reflection        |       |       |       |     1 ||     1

Table legend: (Time is in decaauts)
 A = Elapsed time spent in this place.
 B = Non-inter-level travel time spent in this place.
 C = Inter-level travel time spent in this place.
 D = Time resting spent in this place.
 E = Time spent auto-exploring this place.
 F = Levels seen in this place.
 G = Mean time per level.
                   A        B        C        D        E       F      G
               +--------+--------+--------+--------+--------+-----+--------+
         Total |   9748 |   9467 |    281 |   1401 |   6273 |  11 |  886.2 |
       Dungeon |   9343 |   9062 |    281 |   1185 |   6259 |   9 | 1038.1 |
        Temple |      1 |      1 |      0 |      0 |      0 |   1 |    1.0 |
       Ossuary |    403 |    403 |      0 |    216 |     14 |   1 |  403.0 |
               +--------+--------+--------+--------+--------+-----+--------+

Top non-repeatable levels by time:
     D:5: 1445 daAuts
     D:6: 1305 daAuts
     D:4: 1157 daAuts
     D:3: 1110 daAuts
     D:1: 1033 daAuts
     D:7: 982 daAuts
     D:8: 945 daAuts
     D:2: 822 daAuts
     D:9: 541 daAuts
 Ossuary: 403 daAuts
  Temple: 1 daAuts
